 Dungeon Crawl Stone Soup version 0.28-a0-313-gbc0475efdd (webtiles) character file.

Game seed: 13280488366586245231

320 thedisplayname the Twirler (level 6, 0/48 HPs)
             Began as a Demonspawn Gladiator on Aug 31, 2021.
             Succumbed to a scorpion's poison
             ... on level 5 of the Dungeon.
             The game lasted 00:08:35 (6165 turns).

thedisplayname the Twirler (Demonspawn Gladiator)   Turns: 6165, Time: 00:08:36

Health: 0/48       AC:  9    Str: 16    XL:     6   Next: 22%
Magic:  6/6        EV: 16    Int:  9    God:
Gold:   181        SH:  0    Dex: 15    Spells: 3/5 levels left

rFire   . . .      SeeInvis .   a - +1 quarterstaff
rCold   . . .      Faith    .   (shield currently unavailable)
rNeg    . . .      Spirit   .   i - +0 ring mail
rPois   .          Reflect  .   c - +1 helmet
rElec   .          Harm     .   (no cloak)
rCorr   +          Rampage  .   (no gloves)
Will    +....                   (no boots)
Stlth   +.........              (no amulet)
HPRegen 0.16/turn               e - ring of willpower
MPRegen 0.10/turn               h - ring of resist corrosion

@: agile, lethally poisoned (0 -> -10)
A: hooves 1, icy blue scales 1, powered by pain 1
a: no special abilities


You were on level 5 of the Dungeon.
You visited 1 branch of the dungeon, and saw 5 of its levels.

You collected 181 gold pieces.

Inventory:

Hand Weapons
 a - a +1 quarterstaff (weapon)
Missiles
 d - a throwing net (quivered)
Armour
 b - a +0 leather armour
 c - a +1 helmet (worn)
 i - a +0 ring mail (worn)
Jewellery
 e - a ring of willpower (left hand)
 f - a ring of ice
 h - a ring of resist corrosion (right hand)
Wands
 l - a wand of digging (4)
Scrolls
 k - 3 scrolls of immolation
Potions
 j - a potion of degeneration


   Skills:
 + Level 3.9 Fighting
 * Level 5.3 Staves
 - Level 1.7 Throwing
 - Level 2.6 Dodging
 + Level 1.2 Translocations


You had 3 spell levels left.
You knew the following spells:

 Your Spells              Type           Power      Damage    Failure   Level
a - Blink                 Tloc           N/A        N/A       58%         2

Your spell library contained the following spells:

 Spells                   Type           Power      Damage    Failure   Level
 Lesser Beckoning         Tloc           2%         N/A       82%         3
 Manifold Assault         Tloc           2%         N/A       100%        5


Dungeon Overview and Level Annotations

Branches:
Dungeon (5/15)
 Temple: D:4-7

Altars:

Shops:
D:3 [


Innate Abilities, Weirdness & Mutations

You have large cloven feet.
You are partially covered in icy blue scales. (AC +2)
You sometimes gain a little power by taking damage.


Message History

The scorpion is moderately wounded.
The scorpion stings you. Something hits you but does no damage.
You hit the scorpion but do no damage. Your kick misses the scorpion.
The scorpion is moderately wounded.
The scorpion barely misses you. Something hits you but does no damage.
You sock the scorpion!
You kick the scorpion, but do no damage.
The scorpion is severely wounded.
The scorpion stings you.
You are poisoned.
The scorpion poisons you! Something hits you but does no damage.
You barely miss the scorpion. Your kick misses the scorpion.
The scorpion is severely wounded.
You feel sick. The scorpion closely misses you.
You hear some strange, mumbled words.
A puff of flame appears from out of thin air!
The puff of flame hits you!
The scorpion stings you but does no damage.
You hit something. Your kick misses something.
You feel sick. The scorpion barely misses you.
The orc hits you with a +0 hand axe. Something hits you.
You hit something but do no damage.
You feel sick.
The scorpion stings you but does no damage.
The orc hits you with a +0 hand axe. Something hits you.
You hit something but do no damage.
You feel sick. The scorpion stings you.
You are more poisoned.
The scorpion poisons you! The orc hits you with a +0 hand axe.
Something hits you but does no damage.
* * * LOW HITPOINT WARNING * * *
You feel very sick.
The scorpion stings you but does no damage.
* * * LOW HITPOINT WARNING * * *
You feel very sick. The scorpion stings you!
* * * LOW HITPOINT WARNING * * *
You focus on the pain.
You feel agile all of a sudden.
There is a stone staircase leading up, spattered with blood here.
You can't go down here!
You die...

#. .# .#
#.## ## .# .
...##. .# .
#..#. .#.#
#.#. .#.#
#...#)..#
#.{#...# #
#..os##.....
#..@....#...
#...#.##....
#.....# ..
.....###
..#.###
....#. ...
#. .. #.


You could see a scorpion and an orc.

Vanquished Creatures
  A phantom (D:4)
  An iguana (D:4)
  Ijyb (D:4)
  3 gnolls (D:4)
  7 adders
  An adder zombie (D:5)
  2 worms
  4 dart slugs
  2 orcs
  7 endoplasms
  5 giant cockroaches
  7 goblins
  10 hobgoblins
  3 jackals (D:3)
  3 kobolds
  4 quokkas
  8 ball pythons
  7 bats
  A frilled lizard (D:3)
  5 rats
82 creatures vanquished.

Notes
Turn   | Place    | Note
-------+----------+-------------------------------------------
     0 | D:1      | thedisplayname the Demonspawn Gladiator began the quest for
                  | the Orb.
     0 | D:1      | Reached XP level 1. HP: 16/16 MP: 1/1
   166 | D:1      | Reached skill level 3 in Staves
   223 | D:1      | Gained mutation: You sometimes gain a little power by
                  | taking damage. [demonic ancestry]
   223 | D:1      | Reached XP level 2. HP: 22/22 MP: 2/2
   753 | D:1      | Found a faded altar of an unknown god.
  1656 | D:1      | Gained mutation: You have large cloven feet. [demonic
                  | ancestry]
  1656 | D:1      | Reached XP level 3. HP: 27/28 MP: 3/3
  2542 | D:2      | Reached skill level 4 in Staves
  2750 | D:2      | Reached XP level 4. HP: 29/34 MP: 4/4
  3592 | D:3      | Found Asiat's Antique Armour Shoppe.
  3938 | D:4      | Noticed a phantom
  4492 | D:4      | Killed a phantom
  4493 | D:4      | Gained mutation: You are partially covered in icy blue
                  | scales. (AC +2) [demonic ancestry]
  4493 | D:4      | Reached XP level 5. HP: 27/41 MP: 5/5
  4511 | D:4      | Learned a level 2 spell: Blink
  4711 | D:4      | Noticed Ijyb
  4733 | D:4      | Killed Ijyb
  4734 | D:4      | Reached skill level 5 in Staves
  5249 | D:4      | Reached skill level 1 in Translocations
  5249 | D:4      | Reached XP level 6. HP: 44/48 MP: 6/6
  6150 | D:5      | Entered Level 5 of the Dungeon
  6164 | D:5      | HP: 2/48 [scorpion (8)]
  6165 | D:5      | Succumbed to a scorpion's poison

Illustrated notes

Levels and vault maps discovered:
D:1:      dpeg_arrival_boxes_within_box, layout_basic, basic_ecumenical_altar,
          palyth_stone_intersect
D:2:      layout_basic, amcnicky_mini_rare_corridor_liquid, grunt_ministairs_5,
          minmay_domino_4
D:3:      layout_basic, serial_shops, nicolae_diamond_shop,
          minmay_misc_feat_room, minmay_misc_feat_cross
D:4:      layout_rooms, uniq_ijyb
D:5:      layout_rooms, gup_sewer_entry_glass, serial_bayou_ford_a,
          minmay_misc_feat_chi

Skill      XL: |  1  2  3  4  5 |
---------------+----------------+-----
Staves         | 3 4 5 |  5.3
Fighting       | 3 |  3.9
Translocations | 1 |  1.2
Throwing       | |  1.7
Dodging        | |  2.6

Action                   |  1- 3 |  4- 6 || total
-------------------------+-------+-------++-------
Melee: Quarterstaff      |   131 |   120 ||   251
       Kick              |     8 |    30 ||    38
Throw: Throwing net      |       |     3 ||     3
  Use: Scroll            |     1 |     8 ||     9
       Potion            |     1 |     2 ||     3
 Stab: Sleeping          |     1 |       ||     1
       Held in net/web   |       |     2 ||     2
Armor: Leather armour    |    95 |       ||    95
       Ring mail         |       |    41 ||    41
Dodge: Dodged            |   174 |    65 ||   239

Table legend: (Time is in decaauts)
 A = Elapsed time spent in this place.
 B = Non-inter-level travel time spent in this place.
 C = Inter-level travel time spent in this place.
 D = Time resting spent in this place.
 E = Time spent auto-exploring this place.
 F = Levels seen in this place.
 G = Mean time per level.
                   A        B        C        D        E       F      G
               +--------+--------+--------+--------+--------+-----+--------+
         Total |   6189 |   5971 |    218 |   2630 |   2633 |   5 | 1237.8 |
       Dungeon |   6189 |   5971 |    218 |   2630 |   2633 |   5 | 1237.8 |
               +--------+--------+--------+--------+--------+-----+--------+

Top non-repeatable levels by time:
     D:1: 2168 daAuts
     D:3: 1947 daAuts
     D:4: 1265 daAuts
     D:2: 792 daAuts
     D:5: 15 daAuts
